Map: King's Cove LE

Players

Cham

  • Race: Zerg Zerg
  • League: Grandmaster
  • Spawn Location: 11:00

SpeCial - Winner!

  • Race: Terran Terran
  • Spawn Location: 5:00

Event: 2019 WCS Winter Americas

VOD

Have the link to the VOD?

Description

Time

  • Played on: Feb. 14, 2019, 3:37 p.m.
  • Length: 18:03

All games in this series

Show
View Real Time Build Order
Export as new Build Order

Cham Zerg 

Build Orders: Hatch First 

Get SALT Encoding   

  12  0:00  Drone  
  13  0:09  Drone  
  14  0:17  Overlord  
  14  0:36  Drone x2  
  16  0:49  Hatchery  
  15  0:53  Drone  
  16  0:57  Drone  
  16  1:00  Drone  
  18  1:05  Extractor  
  17  1:17  Spawning Pool  
  16  1:19  Drone  
  16  1:22  Drone  
  18  1:32  Drone  
  19  1:54  Overlord  
  19  2:03  Queen x2  
  19  2:04  Zergling x2  
  19  2:05  Zergling x2  
  19  2:07  Drone  
  26  2:11  Metabolic Boost  
  26  2:17  Drone x2  
  28  2:35  Hatchery  
  27  2:38  Drone  
  27  2:39  Drone  
  27  2:43  Drone  
  30  2:48  Queen  
  32  2:53  Overlord  
  32  3:00  Drone x2  
  32  3:02  Drone  
  32  3:03  Drone  
  36  3:09  Overlord  
  36  3:14  Drone  
  36  3:17  Drone  
  36  3:18  Drone  
  36  3:19  Drone x2  
  41  3:24  Queen  
  43  3:30  Drone x2  
  45  3:35  Queen  
  45  3:39  Overlord  
  47  3:44  Overlord  
  47  3:50  Zergling x2  
  47  3:51  Zergling x2  
  47  3:52  Zergling x6  
  47  3:53  Zergling x2  
  53  3:56  Drone  
  53  3:59  Overlord  
  53  4:00  Drone  
  55  4:03  Drone  
  55  4:08  Queen  
  58  4:13  Queen  
  60  4:18  Drone  
  60  4:19  Drone x3  
  64  4:25  Zergling x4  
  64  4:26  Drone x2  
  68  4:32  Spore Crawler, Drone  
  68  4:33  Spore Crawler  
  68  4:34  Drone  
  68  4:36  Drone  
  69  4:41  Drone  
  69  4:43  Drone x2  
  69  4:44  Overlord  
  71  4:53  Zergling x4  
  71  4:56  Overlord  
  71  4:57  Overlord  
  70  5:02  Overlord  
  70  5:03  Lair  
  70  5:05  Extractor  
  70  5:07  Baneling Nest  
  68  5:09  Drone x2  
  68  5:10  Drone  
  68  5:13  Drone  
  72  5:15  Drone x2  
  72  5:18  Drone  
  72  5:20  Drone  
  76  5:24  Overlord  
  76  5:25  Overlord  
  76  5:27  Drone x2  
  76  5:28  Overlord  
  78  5:31  Extractor  
  78  5:33  Drone x3  
  80  5:36  Extractor  
  80  5:37  Extractor  
  80  5:41  Evolution Chamber  
  80  5:42  Evolution Chamber, Drone  
  77  5:46  Overlord  
  77  5:47  Drone x3  
  80  5:52  Drone x4  
  80  5:55  Overlord  
  84  5:57  Drone x2  
  84  6:00  Overlord  
  86  6:05  Centrifical Hooks  
  86  6:07  Drone x3  
  86  6:10  Overlord  
  89  6:19  Hatchery  
  89  6:22  Zerg Ground Armor Level 1  
  89  6:23  Zerg Melee Weapons Level 1  
  88  6:28  Baneling x8  
  88  6:30  Zergling x2  
  88  6:31  Zergling x2  
  88  6:32  Zergling x2  
  86  6:42  Drone x6  
  91  6:50  Drone x2  
  91  6:51  Zergling x6  
  96  6:55  Hatchery  
  96  6:56  Zergling x2  
  96  6:59  Zergling x4  
  98  7:01  Overlord  
  98  7:02  Zergling x2  
  98  7:03  Overseer  
  99  7:12  Infestation Pit, Zergling x2, Drone  
  99  7:13  Overlord, Zergling x4  
  102  7:16  Zergling x4, Drone  
  102  7:20  Baneling  
  102  7:21  Baneling x2  
  102  7:22  Overlord  
  105  7:30  Zergling x4  
  105  7:36  Drone  
  108  7:37  Drone x4  
  108  7:38  Drone x3  
  108  7:40  Hatchery  
  108  7:41  Overlord  
  108  7:43  Drone x2  
  116  7:47  Zergling x2  
  116  7:49  Hive  
  117  7:52  Baneling x3  
  117  7:53  Baneling, Zergling x4  
  117  7:56  Zergling x2  
  117  7:57  Zergling x2  
  121  8:02  Overlord  
  122  8:05  Drone x2  
  122  8:06  Drone  
  122  8:09  Drone  
  122  8:11  Zergling x2  
  126  8:16  Extractor  
  126  8:17  Zergling x10  
  126  8:18  Baneling x7  
  123  8:32  Zergling x20  
  119  8:40  Drone x4  
  123  8:42  Extractor  
  123  8:44  Baneling x3  
  123  8:46  Overlord  
  122  8:49  Drone x2  
  122  8:50  Hatchery  
  122  8:52  Zergling x4  
  122  8:54  Overlord  
  125  8:58  Zergling x4  
  125  8:59  Overlord, Zergling x2  
  125  9:00  Ultralisk Cavern  
  125  9:01  Adrenal Glands  
  127  9:03  Zergling x4  
  127  9:04  Baneling x4  
  127  9:06  Zergling x6  
  127  9:07  Zergling x4  
  134  9:11  Zergling x4  
  134  9:14  Overlord  
  134  9:16  Zergling x8  
  134  9:17  Zergling x8  
  142  9:29  Viper x4  
  142  9:30  Extractor  
  154  9:31  Zergling x8  
  154  9:33  Overlord  
  154  9:35  Zergling x2  
  158  9:39  Drone x4  
  158  9:41  Zerg Ground Armor Level 2  
  158  9:42  Zerg Melee Weapons Level 2  
  158  9:43  Overseer  
  162  9:49  Overlord  
  162  9:55  Chitinous Plating  
  162  9:57  Ultralisk  
  168  10:05  Ultralisk  
  174  10:08  Ultralisk  
  180  10:16  Ultralisk  
  184  10:22  Drone  
  184  10:23  Drone x3, Spire  
  187  10:46  Ultralisk x2  
  179  10:51  Queen  
  179  10:52  Queen x2  
  185  10:57  Zergling x22  
  185  10:58  Zergling x2  
  185  10:59  Zergling x6  
  187  11:04  Zergling x4  
  187  11:05  Zergling x4  
  163  11:12  Zergling x22  
  163  11:14  Anabolic Synthesis  
  163  11:17  Drone  
  163  11:18  Drone x3  
  150  11:19  Drone x4  
  150  11:23  Drone x4  
  157  11:31  Drone x3  
  157  11:32  Drone x2  
  159  11:34  Corruptor x2  
  159  11:36  Baneling x4  
  159  11:39  Drone  
  161  11:40  Corruptor  
  161  11:45  Overlord  
  161  11:46  Corruptor  
  159  11:56  Corruptor x3  
  158  12:05  Corruptor  
  154  12:10  Corruptor x3  
  154  12:11  Drone x2  
  154  12:12  Drone x2  
  154  12:15  Corruptor x2  
  164  12:18  Corruptor  
  164  12:19  Zergling x6  
  173  12:23  Greater Spire  
  173  12:24  Drone x2  
  173  12:30  Infestor  
  174  12:38  Infestor  
  174  12:42  Zergling x24  
  174  12:43  Zergling x16  
  196  12:54  Zergling x2  
  196  12:55  Zergling x6  
  199  13:04  Zergling x2  
  192  13:06  Baneling x6  
  192  13:07  Baneling x2, Zergling x6  
  174  13:17  Ultralisk x2  
  164  13:23  Zergling x6  
  164  13:24  Zergling x8  
  164  13:25  Zergling x12  
  153  13:27  Zergling x4  
  153  13:28  Zergling x2  
  153  13:31  Zergling x4  
  152  13:39  Zergling x2  
  152  13:40  Zergling x10  
  138  13:46  Zergling x6  
  132  13:53  Brood Lord  
  132  13:54  Brood Lord x4  
  132  13:55  Zergling x4  
  131  14:03  Ultralisk, Zergling x2  
  115  14:17  Zergling x2  
  115  14:18  Hatchery, Zergling x10  
  115  14:19  Zergling x2  
  119  14:28  Hatchery  
  119  14:29  Infestor  
  120  14:33  Infestor  
  120  14:36  Infestor  
  124  14:38  Infestor  
  124  14:39  Infestor  
  124  14:43  Drone  
  124  14:44  Drone  
  130  14:52  Infestor x2  
  134  14:53  Zergling x4  
  134  14:56  Zergling x4  
  134  15:09  Hatchery  
  130  15:17  Ultralisk  
  130  15:25  Ultralisk  
  130  15:26  Zergling x2  
  136  15:30  Corruptor x2  
  135  15:40  Drone x2  
  135  15:41  Extractor, Drone x2  
  126  15:44  Drone  
  126  15:45  Extractor  
  123  15:52  Zerg Flyer Weapons Level 1  
  123  15:54  Zergling x2  
  123  15:55  Zergling x4  
  118  16:11  Hatchery  
  113  16:14  Drone  
  113  16:15  Drone  
  113  16:18  Drone x2  
  117  16:23  Zergling x2  
  116  16:27  Infestor  
  116  16:32  Infestor  
  116  16:36  Infestor  
  113  16:45  Infestor  
  113  16:56  Drone x3  
  113  16:58  Drone x2  
  113  17:00  Infestor  
  120  17:02  Drone x2  
  120  17:07  Infestor  
  124  17:12  Drone x2  
  124  17:13  Queen  
  128  17:19  Infestor  
  130  17:24  Corruptor  
  134  17:32  Drone x2  
Show
View Real Time Build Order
Export as new Build Order

SpeCial Terran - Winner!

Build Orders: Liberator Opening, Reaper Expand, Mech 

Get SALT Encoding   

  12  0:00  SCV  
  13  0:12  SCV  
  14  0:17  Supply Depot  
  14  0:25  SCV  
  15  0:39  SCV, Barracks  
  16  0:43  Refinery  
  16  0:51  SCV  
  17  1:03  SCV  
  18  1:15  SCV  
  19  1:27  Orbital Command  
  19  1:28  Reaper  
  20  1:41  Command Center  
  20  1:52  Supply Depot  
  20  1:53  SCV  
  21  2:00  Marine  
  22  2:06  Factory  
  22  2:09  SCV  
  22  2:15  Refinery  
  23  2:22  Barracks Reactor  
  23  2:23  SCV  
  24  2:35  SCV  
  25  2:48  SCV  
  25  2:50  Starport  
  26  2:53  Orbital Command  
  26  3:00  SCV  
  26  3:05  Hellion x2  
  31  3:08  Marine  
  31  3:12  SCV  
  33  3:17  Liberator  
  33  3:18  SCV  
  34  3:20  Supply Depot  
  34  3:24  SCV  
  34  3:26  Hellion  
  37  3:28  Hellion  
  42  3:36  Barracks Tech Lab  
  42  3:37  SCV  
  42  3:40  SCV  
  44  3:45  Supply Depot  
  44  3:52  SCV x2  
  44  3:53  Hellion  
  48  3:56  Hellion  
  50  4:04  SCV x2  
  52  4:14  Command Center  
  52  4:21  SCV x2  
  54  4:25  Marine x2, Supply Depot  
  54  4:28  Siege Tank  
  59  4:35  Supply Depot  
  59  4:36  SCV x2  
  61  4:43  Marine  
  62  4:46  Liberator, Marine  
  62  4:48  SCV x2  
  65  4:52  Refinery  
  65  4:53  Refinery  
  65  5:00  SCV x2  
  65  5:01  Marine  
  65  5:02  Siege Tank  
  65  5:04  Marine  
  75  5:14  Armory, SCV x2  
  75  5:15  Armory  
  75  5:19  Marine  
  78  5:26  SCV x2, Supply Depot, Marine  
  81  5:37  Orbital Command  
  81  5:38  SCV x2, Supply Depot  
  83  5:50  SCV x2  
  83  5:51  Hellion x2  
  83  5:56  Factory  
  89  5:58  Factory  
  89  5:59  Starport Reactor, Barracks Tech Lab  
  89  6:02  SCV x2, Supply Depot  
  91  6:07  Terran Vehicle Weapons Level 1  
  91  6:08  Terran Vehicle And Ship Armor Level 1, Orbital Command  
  91  6:14  SCV, Hellion x2  
  91  6:15  SCV  
  94  6:27  SCV  
  94  6:28  Supply Depot  
  94  6:32  SCV  
  96  6:33  SCV  
  96  6:34  Hellion x6  
  96  6:36  Hellion x2  
  96  6:39  SCV  
  102  6:44  SCV  
  102  6:45  SCV  
  101  6:51  SCV, Medivac, Thor x2  
  116  6:56  SCV, Supply Depot  
  116  6:57  SCV  
  116  7:00  Refinery  
  118  7:02  Refinery  
  118  7:03  SCV, Medivac  
  118  7:05  Hellion  
  118  7:07  Hellion  
  125  7:18  SCV x2, Supply Depot  
  125  7:22  SCV, Factory  
  128  7:23  Factory  
  128  7:30  SCV  
  128  7:31  Infernal Pre-Igniter, Hellion x2  
  128  7:36  SCV  
  133  7:40  SCV, Siege Tank  
  137  7:44  SCV  
  137  7:47  Siege Tank  
  137  7:48  Supply Depot  
  137  7:49  Supply Depot  
  141  7:52  Liberator  
  141  7:54  Liberator  
  141  7:55  Supply Depot  
  141  7:58  Supply Depot  
  141  8:01  Supply Depot  
  141  8:02  Supply Depot  
  141  8:07  Command Center  
  141  8:10  Hellion x2, Factory Reactor, Factory Tech Lab  
  151  8:14  Supply Depot  
  151  8:15  Engineering Bay  
  151  8:17  SCV  
  152  8:20  Terran Vehicle Weapons Level 2  
  128  8:35  Hellion x2, Siege Tank x2  
  128  8:37  SCV x2  
  128  8:38  SCV  
  141  8:45  Siege Tank  
  144  8:54  Hellion x2, Terran Vehicle And Ship Armor Level 2  
  148  8:56  Hellion x2  
  148  8:59  Missile Turret  
  152  9:07  Hellion  
  154  9:10  Siege Tank  
  154  9:15  Hellion x2  
  161  9:17  Siege Tank  
  161  9:18  Hellion  
  157  9:30  Hellion, Liberator  
  157  9:31  Siege Tank, Liberator  
  160  9:32  SCV  
  160  9:33  SCV x2  
  160  9:37  Hellion x2  
  167  9:39  Hellion, Refinery  
  167  9:44  Planetary Fortress  
  169  9:47  Refinery  
  175  10:02  Hellion x2  
  175  10:03  Hellion x2  
  175  10:04  Command Center  
  183  10:11  Siege Tank  
  183  10:13  Hellion x2, Liberator x2  
  188  10:24  Hellion  
  190  10:34  Siege Tank  
  196  10:48  Hellion  
  194  10:55  Liberator, Factory  
  198  10:57  Hellion x2  
  198  10:58  Factory  
  198  10:59  Factory  
  198  11:02  Mag-Field Accelerator  
  195  11:06  Hellion x2, Siege Tank  
  195  11:11  Hellion x2  
  162  11:18  Hellion x2  
  158  11:27  Hellion, Siege Tank  
  158  11:28  Liberator  
  158  11:30  Command Center  
  158  11:32  Hellion  
  163  11:34  Command Center  
  163  11:38  Liberator  
  167  11:40  Hellion x2, Factory Tech Lab  
  167  11:44  Terran Vehicle And Ship Armor Level 3  
  170  11:51  Refinery  
  170  11:54  Cyclone x2  
  176  11:55  Factory Tech Lab x2  
  176  11:59  Cyclone  
  176  12:00  Hellion x2  
  184  12:05  Hellion, Cyclone, Refinery  
  185  12:09  Planetary Fortress  
  185  12:20  Cyclone x2  
  188  12:26  Cyclone x2  
  191  12:31  Cyclone  
  191  12:35  Smart Servos  
  192  12:37  Drilling Claws  
  192  12:43  Widow Mine x3  
  198  12:45  Orbital Command x2  
  198  12:51  Terran Vehicle Weapons Level 3  
  198  13:05  Cyclone x4  
  196  13:06  Cyclone  
  191  13:15  Cyclone  
  191  13:19  Hellion x2  
  154  13:35  Hellion x2  
  154  13:37  Cyclone x3  
  154  13:38  Cyclone  
  155  13:43  Hellion x2  
  155  13:47  Cyclone x2  
  153  13:56  Hellion  
  153  13:58  Hellion  
  151  14:09  Cyclone x2  
  147  14:10  Hellion, Cyclone x2  
  147  14:11  Hellion  
  160  14:19  Cyclone  
  160  14:22  Starport x2  
  160  14:27  Viking x2  
  153  14:34  Hellion x3  
  153  14:35  Hellion  
  161  14:42  Command Center  
  161  14:47  Thor x2  
  173  14:56  Thor  
  173  14:57  Viking x2  
  171  15:08  Starport Reactor  
  171  15:09  Starport Reactor  
  168  15:17  Hellion x3, Thor x2  
  168  15:21  Thor  
  192  15:32  Viking x2  
  194  15:36  Thor  
  179  16:05  Thor x2  
  179  16:06  Viking x2, Command Center  
  187  16:11  Planetary Fortress  
  187  16:15  Viking  
  187  16:16  Viking  
  188  16:28  Viking x2  
  192  16:35  Viking, Hellion x3  
  196  16:54  Viking x2  
  196  17:00  Viking  
  194  17:02  Hellion x3  
  200  17:19  Starport, Command Center  
  200  17:20  Planetary Fortress, Starport  
  200  17:26  Sensor Tower  
  200  17:27  Factory Tech Lab  
  200  17:30  Refinery x2  
  200  17:39  Command Center  
Tags
 
Add a new tag
Caveats
  • Supply blocks, unpowered buildings, or Contaminate may cause inaccurate times.
  • Supply counts are checked every 10 seconds.